 Dungeon Crawl Stone Soup version 0.31.0-11-ge490571c62 (webtiles) character file.

Game seed: 18090330410163853320

128 qw the Skirmisher (level 4, -4/25 HPs)
             Began as a Deep Elf Hunter on Feb 5, 2024.
             Slain by an ice beast (12 damage)
             ... on level 5 of the Dungeon.
             The game lasted 00:01:05 (1666 turns).

qw the Skirmisher (Deep Elf Hunter)                 Turns: 1666, Time: 00:01:06

Health: -4/25      AC:  8    Str: 10    XL:     4   Next: 87%
Magic:  6/6        EV:  9    Int: 14    God:
Gold:   18         SH:  0    Dex: 18    Spells: 3/3 levels left

rFire   . . .        j - +0 orcbow
rCold   . . .        (shield currently unavailable)
rNeg    . . .        k - +0 scale mail
rPois   .            i - +0 helmet
rElec   .            (no cloak)
rCorr   .            (no gloves)
SInv    .            b - +0 pair of boots
Will    .....        (no amulet)
Stlth   +            (no ring)
HPRegen 0.24/turn    (no ring)
MPRegen 0.10/turn

%: no passive effects
@: no status effects
A: no striking features
a: no special abilities


You were on level 5 of the Dungeon.
You visited 1 branch of the dungeon, and saw 4 of its levels.

You collected 40 gold pieces.
You spent 22 gold pieces at shops.


   Skills:
 - Level 1.5 Fighting
 - Level 8.3 Ranged Weapons
 + Level 0.0 Armour
 - Level 2.4 Dodging
 - Level 1.2 Stealth


You had 3 spell levels left.
You didn't know any spells.
Your spell library was empty.

Inventory:

Hand Weapons
 j - a +0 orcbow (weapon)
Armour
 b - a +0 pair of boots (worn)
 i - a +0 helmet (worn)
 k - a +0 scale mail (worn)
Wands
 f - a wand of flame (11)
Scrolls
 d - a scroll of identify
 g - a scroll of teleportation
Potions
 a - a potion of brilliance {unknown}

Dungeon Overview and Level Annotations

Branches:
Dungeon (5/15)
 Temple: D:4-7

Altars:

Shops:
D:2 (!*


Message History

Found a scale mail.
a - a bubbling pink potion A jelly comes into view.
The jelly quivers.
You shoot an arrow. The arrow hits the jelly.
The jelly is lightly wounded.
You shoot an arrow. The arrow hits the jelly.
The jelly is heavily wounded.
You shoot an arrow. The arrow barely misses the jelly.
The jelly barely misses you.
You shoot an arrow. The arrow hits the jelly!
You kill the jelly!
Your Ranged Weapons skill increases to level 8!
You see here a +0 scale mail.
An ice beast comes into view.
Found a book of Spatial Translocations.
You shoot an arrow. The arrow closely misses the ice beast.
You shoot an arrow. The arrow closely misses the ice beast.
A bombardier beetle comes into view.
Enter note:
Enter note:
1661 ||| RETREEEEATING.
The ice beast barely misses you.
Enter note:
1662 ||| RETREEEEATING.
The ice beast attacks as it pursues you!
The ice beast barely misses you.
You shoot an arrow. The arrow closely misses the ice beast.
The ice beast barely misses you.
Enter note:
1664 ||| RETREEEEATING.
The ice beast attacks as it pursues you!
The ice beast hits you. The ice beast freezes you!
You shoot an arrow. The arrow hits the ice beast!
The ice beast is moderately wounded.
The ice beast hits you but does no damage.
You shoot an arrow. The arrow hits the ice beast.
The ice beast is heavily wounded.
The ice beast hits you. The ice beast freezes you!
You die...

#.......# #.......#
#.......# #.......#
#.......###
#.........###
###.#####.[.# #...#
###.## #@### #..# ##.
#Y##########.####
.....##B....##..##....#
#..............####.#
#.....##........###.##
...........####.#.......
.##..#..#. # #.#.......
#..##..:# #.##...... ...
##. . #.##......


You could see an ice beast and a bombardier beetle.

Vanquished Creatures
  A jelly (D:5)
  A hound (D:5)
  An adder (D:2)
  4 dart slugs
  2 ribbon worms (D:2)
  3 orcs (D:2)
  5 bats
  An endoplasm (D:2)
  2 giant cockroaches (D:1)
  A goblin (D:1)
  4 hobgoblins
  5 quokkas
  3 ball pythons
  3 frilled lizards (D:1)
  4 kobolds
40 creatures vanquished.

Notes
Turn   | Place    | Note
-------+----------+-------------------------------------------
     0 | D:1      | qw the Deep Elf Hunter began the quest for the Orb.
     0 | D:1      | Reached XP level 1. HP: 12/12 MP: 3/3
     0 | D:1      | 0 ||| qw: Version: 0.3-a-160-g6735b56
     0 | D:1      | 0 ||| qw: Game counter: 6321
     0 | D:1      | 0 ||| qw: Melee chars always use a shield: true
     0 | D:1      | 0 ||| qw: God list: Okawaru
     0 | D:1      | 0 ||| qw: Allow faded altars: false
     0 | D:1      | 0 ||| qw: Do Orc after clearing Dungeon:15 true
     0 | D:1      | 0 ||| qw: Do second Lair branch before Depths: true
     0 | D:1      | 0 ||| qw: Lair rune preference: random
     0 | D:1      | 0 ||| qw: Goals: Normal
     0 | D:1      | 0 ||| PLANNING D:1-11
   168 | D:1      | Reached skill level 6 in Ranged Weapons
   168 | D:1      | Reached XP level 2. HP: 16/16 MP: 4/4
   522 | D:1      | 522 ||| READING 5 scrolls labelled FYVASUTSY UNGE.
   522 | D:1      | 522 ||| IDENTIFYING coppery potion
   523 | D:1      | 523 ||| READING 4 scrolls of identify.
   523 | D:1      | 523 ||| IDENTIFYING scroll labelled VUKLASCHOMN
   524 | D:1      | 524 ||| READING 3 scrolls of identify.
   524 | D:1      | 524 ||| IDENTIFYING scroll labelled WEDACZ JELOPH
   525 | D:1      | 525 ||| READING 2 scrolls of identify.
   525 | D:1      | 525 ||| IDENTIFYING scroll labelled VURUMOHOQICS
   526 | D:1      | 526 ||| DROPPING scroll of butterflies.
   527 | D:1      | 527 ||| DROPPING scroll of blinking.
   528 | D:1      | 528 ||| DROPPING potion of magic.
   529 | D:1      | 529 ||| DROPPING scroll of noise.
   552 | D:2      | Found Meabbar's Distillery.
   557 | D:2      | 557 ||| SHOPLISTING potion of curing (30 gold, have 19).
   557 | D:2      | 557 ||| SHOPLISTING potion of resistance (100 gold, have
                  | 19).
   641 | D:2      | Found Ypappyr's General Store.
   649 | D:2      | 649 ||| SHOPLISTING +0 arbalest of electrocution (145 gold,
                  | have 29).
   649 | D:2      | 649 ||| SHOPLISTING potion of cancellation (88 gold, have
                  | 29).
   649 | D:2      | 649 ||| SHOPLISTING scroll of enchant armour (82 gold, have
                  | 29).
   649 | D:2      | 649 ||| BUYING scroll of identify (22 gold).
   649 | D:2      | Bought a scroll of identify for 22 gold pieces
   649 | D:2      | 649 ||| SHOPLISTING scroll of identify (22 gold, have 7).
   649 | D:2      | 649 ||| SHOPLISTING wand of paralysis (6) (158 gold, have
                  | 7).
   824 | D:2      | Reached XP level 3. HP: 20/20 MP: 5/5
   874 | D:2      | Found Dimuem's Antique Weapon Shop.
   885 | D:2      | 885 ||| SHOPLISTING fine orcbow (136 gold, have 7).
  1186 | D:2      | Reached skill level 7 in Ranged Weapons
  1316 | D:2      | 1316 ||| SWAPPING to +0 orcbow.
  1318 | D:2      | 1318 ||| DROPPING +0 shortbow.
  1538 | D:2      | 1538 ||| UPGRADING to +0 pair of boots.
  1543 | D:2      | 1543 ||| UPGRADING to +0 helmet.
  1548 | D:2      | 1548 ||| UPGRADING to +0 scale mail.
  1558 | D:2      | 1558 ||| DROPPING +0 leather armour.
  1559 | D:2      | 1559 ||| DROPPING ring of magical power.
  1560 | D:2      | 1560 ||| READING 3 scrolls of identify.
  1560 | D:2      | 1560 ||| IDENTIFYING metallic ruby potion
  1561 | D:2      | 1561 ||| READING 2 scrolls of identify.
  1561 | D:2      | 1561 ||| IDENTIFYING 2 fizzy blue potions
  1562 | D:2      | 1562 ||| DROPPING potion of lignification.
  1563 | D:2      | 1563 ||| DROPPING 2 potions of invisibility.
  1583 | D:3      | 1583 ||| PLANNING SEWER
  1583 | D:3      | You fall into a shaft and drop 2 floors!
  1583 | D:5      | Entered Level 5 of the Dungeon
  1619 | D:5      | Reached XP level 4. HP: 25/25 MP: 6/6
  1642 | D:5      | Reached skill level 8 in Ranged Weapons
  1658 | D:5      | Noticed an ice beast
  1661 | D:5      | 1661 ||| RETREEEEATING.
  1662 | D:5      | 1662 ||| RETREEEEATING.
  1664 | D:5      | 1664 ||| RETREEEEATING.
  1666 | D:5      | Slain by an ice beast

Levels and vault maps discovered:
D:1:      mrwooster_arrival_arrow, layout_basic
D:2:      layout_basic, serial_shops, shop, shop, nicolae_diamond_shop
D:3:      layout_basic, nicolae_overflow_hidden_temple,
          cheibrodos_sewer_entry_sluice
D:5:      layout_rooms, kennysheep_generic_room_11, uniq_prince_ribbit1

Skill      XL: |  1  2  3  4 |
---------------+-------------+-----
Ranged Weapons | 6 7 8 |  8.3
Fighting       | |  1.5
Dodging        | |  2.4
Stealth        | |  1.2

Action                     |  1- 3 |  4- 6 || total
---------------------------+-------+-------++-------
   Fire: Shortbow          |    80 |       ||    80
         Orcbow            |    16 |    12 ||    28
    Use: Scroll            |     6 |       ||     6
 Armour: Leather armour    |    17 |       ||    17
         Scale mail        |       |     3 ||     3
  Dodge: Dodged            |    17 |     4 ||    21

Table legend:
 A = Non-vault XP
 B = Vault XP
 C = Vault XP percentage of total XP
 D = Non-vault monster count
 E = Vault monster count
 F = Vault count percentage of total count
                 A         B        C        D         E       F
            +---------+---------+-------+---------+---------+-------
      Total |     184 |       0 |   0.0 |      40 |       0 |   0.0
            +---------+---------+-------+---------+---------+-------
        D:1 |      32 |       0 |   0.0 |      17 |       0 |   0.0
        D:2 |      63 |       0 |   0.0 |      20 |       0 |   0.0
        D:5 |      89 |       0 |   0.0 |       3 |       0 |   0.0
            +---------+---------+-------+---------+---------+-------
